Map: Croisement de Kairos EC

Players

Hadouken

  • Race: Zerg Zerg
  • League: Diamond
  • Spawn Location: 11:00

Sorandom - Winner!

  • Race: Zerg Zerg
  • League: Diamond
  • Spawn Location: 5:00

VOD

Have the link to the VOD?

Description

Time

  • Played on: April 12, 2019, 10:08 p.m.
  • Length: 3:33
Show
View Real Time Build Order
Export as new Build Order

Hadouken Zerg 

Build Orders: Hatch First 

Get SALT Encoding   

  12  0:01  Drone  
  13  0:12  Overlord  
  13  0:17  Drone  
  14  0:31  Drone x2  
  16  0:50  Hatchery  
  15  1:04  Spawning Pool  
  15  1:07  Drone  
  15  1:12  Extractor  
  15  1:15  Drone  
  15  1:17  Drone  
  16  1:22  Drone  
  17  1:30  Drone  
  18  1:51  Queen  
  18  1:52  Zergling x4  
  22  2:02  Drone x2  
  22  2:03  Queen  
  26  2:12  Overlord  
  26  2:20  Drone  
  27  2:23  Drone  
  28  2:33  Drone x2  
  30  2:38  Baneling Nest  
  29  2:47  Drone x3  
  32  2:56  Drone x2  
  34  3:07  Zergling x4  
  34  3:15  Zergling x4  
Show
View Real Time Build Order
Export as new Build Order

Sorandom Zerg - Winner!

Build Orders: Pool First 

Get SALT Encoding   

  12  0:01  Drone  
  13  0:12  Overlord  
  13  0:20  Drone  
  14  0:30  Drone x2  
  14  0:34  Drone  
  17  0:41  Extractor  
  16  0:45  Drone  
  17  0:52  Spawning Pool  
  17  0:56  Drone  
  17  1:17  Hatchery  
  16  1:21  Drone  
  17  1:39  Zergling x4  
  19  1:40  Queen  
  21  1:47  Metabolic Boost  
  21  1:55  Overlord  
  21  2:08  Baneling Nest  
  21  2:10  Zergling x2  
  21  2:11  Zergling x2  
  22  2:16  Zergling x2  
  23  2:23  Zergling x2  
  24  2:32  Zergling x2  
  24  2:35  Zergling x2  
  26  2:42  Zergling x2  
  27  2:46  Zergling x2  
  28  2:56  Zergling x4  
  30  3:00  Zergling x6  
  30  3:02  Baneling x2  
  30  3:03  Baneling  
  33  3:11  Zergling x4  
Tags
 
Add a new tag
Caveats
  • Supply blocks, unpowered buildings, or Contaminate may cause inaccurate times.
  • Supply counts are checked every 10 seconds.